 Dungeon Crawl Stone Soup version 0.30.1-6-gbe392663c4 (webtiles) character file.

Game seed: 18329638042480765542

1580 NullDivider the Sneak (level 8, -21/46 HPs)
             Began as an Octopode Venom Mage on Sept 20, 2023.
             Demolished by a boulder beetle (25 damage)
             ... on level 6 of the Dungeon.
             The game lasted 00:34:12 (6090 turns).

NullDivider the Sneak (Octopode Venom Mage)         Turns: 6090, Time: 00:34:13

Health: -21/46     AC:  1    Str:  7    XL:     8   Next: 91%
Magic:  23/23      EV: 15    Int: 17    God:
Gold:   259        SH:  0    Dex: 15    Spells: 1/16 levels left

rFire   . . .        o - +2 short sword (elec)
rCold   . . .        (no shield)
rNeg    . . .        (helmet restricted)
rPois   .            (no amulet)
rElec   .            p - ring of resist corrosion
rCorr   +            e - ring of fire
SInv    .            C - ring of ice
Will    .....        B - ring of magical power
Stlth   +++++        (no ring)
HPRegen 0.27/turn    (no ring)
MPRegen 0.18/turn    (no ring)
                     (no ring)

%: no passive effects
@: no status effects
A: almost no armour, amphibious, 8 rings, camouflage 1, gelatinous body 1,
(nimble swimmer 1), tentacles
a: no special abilities


You were on level 6 of the Dungeon.
You visited 1 branch of the dungeon, and saw 6 of its levels.
You also visited: Ossuary.

You collected 259 gold pieces.

Inventory:

Hand Weapons
 g - a +2 short sword of venom
 o - a +2 short sword of electrocution (weapon)
Jewellery
 e - a ring of fire (right tentacle)
 p - a ring of resist corrosion (left tentacle)
 B - a ring of magical power (on tentacle)
 C - a ring of ice (on tentacle)
Wands
 n - a wand of light (3)
 r - a wand of iceblast (9)
Scrolls
 f - 2 scrolls of amnesia
 h - 2 scrolls of teleportation
 i - a scroll of silence
 j - a scroll of vulnerability {unknown}
 k - a scroll of brand weapon {unknown}
 l - 3 scrolls of enchant armour {unknown}
 m - 2 scrolls of noise {unknown}
 q - 2 scrolls of enchant weapon {unknown}
 t - a scroll of magic mapping {unknown}
 x - a scroll of fear {unknown}
 y - a scroll of blinking {unknown}
Potions
 a - 2 potions of magic
 b - a potion of flight {unknown}
 c - 3 potions of mutation
 d - 3 potions of might
 s - a potion of curing {unknown}
 u - 3 potions of heal wounds
 v - a potion of brilliance {unknown}
 w - 2 potions of haste {unknown}
 z - a potion of degeneration {unknown}
 A - a potion of invisibility {unknown}


   Skills:
 + Level 4.2 Short Blades
 + Level 5.0 Dodging
 + Level 7.2 Stealth
 + Level 4.5 Spellcasting
 - Level 1.0 Transmutations
 + Level 3.0 Air Magic
 + Level 6.6 Poison Magic


You had one spell level left.
You knew the following spells:

 Your Spells              Type           Power      Damage    Failure   Level
a - Sting                 Tmut/Pois      64%        1d6       3%          1
b - Poisonous Vapours     Pois/Air       40%        N/A       3%          2
c - Mephitic Cloud        Conj/Pois/Air  14%        N/A       12%         3
d - Olgreb's Toxic Radia  Pois           26%        N/A       10%         4
e - Swiftness             Air            14%        N/A       13%         3
f - Ensorcelled Hibernat  Hex/Ice        10%        N/A       22%         2

Your spell library contained the following spells:

 Spells                   Type           Power      Damage    Failure   Level
 Apportation              Tloc           6%         N/A       16%         1
 Passwall                 Tmut/Erth      4%         N/A       19%         2
 Vhi's Electric Charge    Tloc/Air       18%        N/A       24%         3
 Volatile Blastmotes      Fire/Tloc      10%        2d10      41%         3
 Alistair's Intoxication  Tmut/Pois      10%        N/A       65%         5
 Fulminant Prism          Conj/Hex       1%         3d5       83%         4
 Iskenderun's Mystic Bla  Conj/Tloc      3%         2d3       83%         4
 Arcjolt                  Conj/Air       4%         1d14      92%         5
 Lee's Rapid Deconstruct  Erth           1%         3d4*      99%         5
 Maxwell's Capacitive Co  Air            7%         ∞         100%        8


Dungeon Overview and Level Annotations

Branches:
Dungeon (6/15)             Temple (0/1) D:6         Ossuary (visited)

Altars:
Ru
Trog
Yredelemnul


Innate Abilities, Weirdness & Mutations

You cannot wear most types of armour.
You are amphibious.
You can wear up to eight rings at the same time.
Your skin changes colour to match your surroundings (Stealth+).
Your rubbery body absorbs attacks. (AC +1, EV +1)
((You are camouflaged when in or above water. (Stealth+)))
You have tentacles for arms and can constrict up to eight enemies at once.


Message History

Found a staircase to the Ecumenical Temple.
A sleepcap comes into view.
A sleepcap is nearby!
The helpless sleepcap fails to defend itself.
You impale the sleepcap!!
Lightning courses through the sleepcap!!
You destroy the sleepcap!
Your Dodging skill increases to level 5!
You now have 259 gold pieces (gained 19).
A boulder beetle comes into view.
The helpless boulder beetle fails to defend itself.
You puncture the boulder beetle! You squeeze the boulder beetle!
The boulder beetle is moderately wounded.
The boulder beetle closely misses you.
You hit the boulder beetle but do no damage.
Lightning courses through the boulder beetle!
The boulder beetle is heavily wounded.
The boulder beetle bites you!
You hit the boulder beetle but do no damage.
The boulder beetle is heavily wounded.
You hit the boulder beetle but do no damage.
Lightning courses through the boulder beetle!!
The boulder beetle is severely wounded.
The boulder beetle misses you.
You hit the boulder beetle but do no damage.
You squeeze the boulder beetle, but do no damage.
The boulder beetle is severely wounded.
The boulder beetle bites you!
You hit the boulder beetle but do no damage.
Lightning courses through the boulder beetle!
You squeeze the boulder beetle.
The boulder beetle is almost dead.
The boulder beetle bites you!!
* * * LOW HITPOINT WARNING * * *
You hit the boulder beetle but do no damage.
You squeeze the boulder beetle, but do no damage.
The boulder beetle is almost dead.
The boulder beetle bites you!!
Ouch! That really hurt!
You die...

####### ......# ......#
......# ##### ......#
#...# ....... #########
#...###......#
........###.....@......#
........#......##B.....#
........#.#...## #######
........#.#####
P.........# .........##
P........# .........#
........##


You could see a boulder beetle.

Vanquished Creatures
  A water moccasin (D:5)
  Duvessa (D:5)
  2 black bears
  A bullfrog (D:6)
  A gnoll sergeant (D:4)
  3 scorpions
  Dowan (D:5)
  A centaur zombie (Ossuary)
  2 hounds
  4 jellies
  3 sleepcaps
  Jessica (D:3)
  4 iguanas (D:5)
  Ijyb (D:3)
  6 mummies (Ossuary)
  Robin (D:3)
  7 gnolls (D:4)
  10 adders
  2 white imps
  2 worms (D:2)
  3 dart slugs
  8 orcs
  3 endoplasms
  2 giant cockroaches
  11 goblins
  14 hobgoblins
  6 jackals
  4 quokkas
  9 ball pythons
  7 bats
  6 frilled lizards
  6 hobgoblin zombies
  9 kobolds
  An orc zombie (D:5)
  22 rats
165 creatures vanquished.

Vanquished Creatures (others)
  A wizard (D:5)
1 creature vanquished.

Grand Total: 166 creatures vanquished

Notes
Turn   | Place    | Note
-------+----------+-------------------------------------------
     0 | D:1      | NullDivider the Octopode Venom Mage began the quest for the
                  | Orb.
     0 | D:1      | Reached XP level 1. HP: 11/11 MP: 3/3
   286 | D:1      | Reached skill level 3 in Stealth
   288 | D:1      | Reached XP level 2. HP: 16/17 MP: 0/5
   291 | D:1      | Learned a level 2 spell: Poisonous Vapours
   363 | D:1      | Found a faded altar of an unknown god.
   733 | D:1      | Reached XP level 3. HP: 21/21 MP: 3/6
   866 | D:1      | Learned a level 3 spell: Mephitic Cloud
  1003 | D:2      | Reached skill level 1 in Air Magic
  1087 | D:2      | Reached XP level 4. HP: 20/27 MP: 1/7
  1375 | D:2      | Reached skill level 4 in Stealth
  1375 | D:2      | Reached XP level 5. HP: 25/31 MP: 8/8
  1640 | D:2      | Reached skill level 1 in Short Blades
  2064 | D:3      | Noticed Ijyb
  2070 | D:3      | Killed Ijyb
  2282 | D:3      | Noticed Jessica
  2291 | D:3      | Killed Jessica
  2465 | D:3      | Noticed Robin
  2482 | D:3      | Killed Robin
  2483 | D:3      | Reached XP level 6. HP: 29/36 MP: 5/10
  3091 | D:4      | Reached skill level 5 in Poison Magic
  3092 | D:4      | Reached skill level 5 in Stealth
  3525 | D:4      | Found a basalt altar of Yredelemnul.
  3703 | D:4      | Reached XP level 7. HP: 41/41 MP: 11/11
  4183 | D:4      | Learned a level 4 spell: Olgreb's Toxic Radiance
  4184 | D:5      | Entered Level 5 of the Dungeon
  4253 | D:5      | Noticed Dowan
  4258 | D:5      | Found a sand-covered staircase.
  4260 | D:5      | Noticed Duvessa
  4276 | D:5      | Killed Duvessa
  4276 | D:5      | Killed Dowan
  4419 | Ossuary  | Entered an ossuary
  4553 | Ossuary  | Reached skill level 6 in Stealth
  4655 | D:5      | Reached XP level 8. HP: 46/46 MP: 13/13
  5008 | D:5      | Found a bloodstained altar of Trog.
  5009 | D:5      | Noticed a wizard
  5015 | D:5      | Killed a wizard
  5121 | D:5      | Identified the scarf of the Apprentice {repulsion, +Blink}
  5166 | D:5      | Learned a level 3 spell: Swiftness
  5692 | D:6      | Reached skill level 7 in Stealth
  5879 | D:6      | Found a sacrificial altar of Ru.
  5916 | D:6      | Learned a level 2 spell: Ensorcelled Hibernation
  6036 | D:6      | Found a staircase to the Ecumenical Temple.
  6045 | D:6      | Reached skill level 5 in Dodging
  6077 | D:6      | Noticed a boulder beetle
  6090 | D:6      | Demolished by a boulder beetle

Illustrated notes

Levels and vault maps discovered:
D:1:      minmay_arrival_doors, layout_loops_ring,
          hellmonk_ecumenical_altar_run_dry
D:2:      layout_basic, nicolae_wormholes
D:3:      layout_rooms, minmay_rat_hole, uniq_ijyb, uniq_jessica, uniq_robin
D:4:      layout_gridville, yredelemnul_altar_generic,
          hangedman_decor_clover_reticule, saegor_snake_ambush
D:5:      layout_loops_ring, trog_wizard, enter_ossuary_3,
          minmay_misc_feat_diagonals, uniq_duvessa
D:6:      wad_lake_hut, layout_basic, pf_just_have_faith,
          nicolae_ru_great_annihilating_truth, minmay_temple_entry_trees,
          hangedman_decor_peaks_small

Skill      XL: |  1  2  3  4  5  6  7  8 |
---------------+-------------------------+-----
Stealth        | 3 4 5 6 7 |  7.2
Poison Magic   | 4 5 6 |  6.6
Air Magic      | 1 2 3 |  3.0
Short Blades   | 1 2 3 4 |  4.2
Dodging        | 3 4 5 |  5.0
Spellcasting   | 3 4 |  4.5
Transmutations | |  1.0

Action                     |  1- 3 |  4- 6 |  7- 9 || total
---------------------------+-------+-------+-------++-------
  Melee: Unarmed           |    42 |       |       ||    42
         Constrict         |    17 |    26 |    22 ||    65
         Tentacles         |    15 |    18 |    25 ||    58
         Short sword       |     2 |   101 |   116 ||   219
         Punch             |       |       |     1 ||     1
   Cast: Sting             |    22 |    23 |    21 ||    66
         Poisonous Vapours |     6 |    16 |    10 ||    32
         Mephitic Cloud    |       |     4 |       ||     4
  Evoke: Wand              |       |     1 |     3 ||     4
    Use: Scroll            |       |     6 |       ||     6
         Potion            |       |       |     2 ||     2
   Stab: Sleeping          |     7 |    17 |    18 ||    42
         Confused          |       |     1 |       ||     1
         Paralysed         |       |       |     1 ||     1
 Armour: Skin              |     2 |     5 |     6 ||    13
  Dodge: Dodged            |    27 |    50 |    64 ||   141
